 Dungeon Crawl Stone Soup version 0.26-a0-812-g31a745ddcd (webtiles) character file.

Game seed: 3242497256722409549

12051 Flubbersnuff the Basher (level 11, 0/101 HPs)
             Began as a Minotaur Berserker on Dec 6, 2020.
             Was a High Priest of Trog.
             Slain by a death yak (18 damage)
             ... on level 1 of the Lair of Beasts.
             The game lasted 00:40:36 (9240 turns).

Flubbersnuff the Basher (Minotaur Berserker)        Turns: 9240, Time: 00:40:37

Health: 0/101      AC: 13    Str: 25    XL:     11   Next: 57%
Magic:  10/10      EV: 14    Int:  4    God:    Trog [*****.]
Gold:   1148       SH:  0    Dex: 10    Spells: 10/10 levels left

rFire    + . .     SeeInvis .   b - +3 mace (elec)
rCold    . . .     Faith    .   (no shield)
rNeg     . . .     Spirit   .   l - +1 scale mail
rPois    .         Reflect  .   (helmet restricted)
rElec    .         Harm     .   i - scarf {repulsion}
rCorr    .         Rampage  .   m - +0 pair of gloves
MR       .....                  k - +1 pair of boots
Stlth    ..........             r - amulet of regeneration
HPRegen  0.66/turn              B - ring of protection from cold
MPRegen  0.12/turn              x - ring of fire

@: berserk cooldown, slowed, repel missiles, very slow
A: retaliatory headbutt, horns 2
a: Berserk, Trog's Hand, Brothers in Arms, Renounce Religion


You were on level 1 of the Lair of Beasts.
You worshipped Trog.
Trog was extremely pleased with you.
You visited 3 branches of the dungeon, and saw 11 of its levels.
You also visited: Bailey.

You collected 1148 gold pieces.

Inventory:

Hand Weapons
 a - a +2 whip of electrocution
 b - a +3 mace of electrocution (weapon)
Armour
 i - a scarf of repulsion (worn)
 k - a +1 pair of boots (worn)
 l - a +1 scale mail (worn)
 m - a +0 pair of gloves (worn)
 D - +0 acid dragon scales
Jewellery
 r - an amulet of regeneration (around neck)
 x - a ring of fire (right hand)
 B - a ring of protection from cold (left hand)
 F - an uncursed ring of ice
Wands
 f - a wand of paralysis (3)
 u - a wand of iceblast (8)
 z - a wand of flame (23)
Scrolls
 d - a scroll of fog
 g - 4 scrolls of remove curse
 q - a scroll of blinking
 t - 2 scrolls of fear
 v - a scroll of enchant weapon
 y - 7 scrolls of identify
 C - 2 scrolls of teleportation
Potions
 c - 3 potions of resistance
 e - a potion of might {unknown}
 h - 3 potions of lignification
 j - a potion of heal wounds {unknown}
 n - 2 potions of curing {unknown}
 o - 2 potions of ambrosia {unknown}
 p - 2 potions of haste {unknown}
 s - 2 potions of degeneration {unknown}
 w - a potion of berserk rage {unknown}
 A - a potion of magic {unknown}
 E - a potion of attraction {unknown}


   Skills:
 + Level 10.6 Fighting
 * Level 13.9 Maces & Flails
 + Level 10.2 Armour
 + Level 9.4 Dodging


You had 10 spell levels left.
You didn't know any spells.
Your spell library was empty.

Dungeon Overview and Level Annotations

Branches:
Dungeon (9/15)             Temple (1/1) D:5            Lair (1/6) D:8
 Bailey (visited)
    Orc: D:9-12

Altars:
Ashenzari
Cheibriados
Dithmenos
Elyvilon
Fedhas
Gozag
Hepliaklqana
Kikubaaqudgha
Makhleb
Nemelex Xobeh
Okawaru
Qazlal
Ru
Sif Muna
Trog
Uskayaw
Vehumet
Wu Jian
Xom
Yredelemnul
Zin
The Shining One

Annotations:
D:8 Stash


Innate Abilities, Weirdness & Mutations

You reflexively headbutt those who attack you in melee.
You have a pair of horns on your head.


Message History

You barely miss the death yak. You headbutt the death yak!
You kill the death yak!
Trog accepts your kill. The death yak gores you. x2
You see here a death yak corpse.
You feel a strong urge to attack something.
You are no longer berserk.
You are exhausted.
You feel yourself slow down.
You sock the death yak!
You headbutt the death yak, but do no damage.
The death yak is heavily wounded.
The death yak barely misses you. The death yak gores you!
* * * LOW HITPOINT WARNING * * *
The death yak closely misses you. You furiously retaliate!
You headbutt the death yak, but do no damage.
The death yak gores you!
* * * LOW HITPOINT WARNING * * *
The death yak gores you!!
You die...

.......##......##..........##
#.....##.......#[.†.........#
#...............#......#...##
...........................##
P...........................#
.......................#....#
.......................#...##
............[...............##
....>.....<†...Y@...........##.##
...............Y............# #†.
.......................#...## ###
#...............#...........#####
#.......#..................#.##..
#..=....######..#............)..Y
#.........# #.##............†...
........P.####.##................
........#......##................


You could see 2 death yaks.

Vanquished Creatures
  A hydra (Lair:1)
  A two-headed ogre (D:8)
  3 death yaks
  Pikel (D:6)
  An orc knight (Bailey)
  A wolf spider (Lair:1)
  An elephant (D:8)
  3 cane toads (Lair:1)
  Maggie (D:6)
  A rime drake (Lair:1)
  Prince Ribbit (D:7)
  3 blink frogs (Lair:1)
  A redback (Lair:1)
  2 wyverns
  2 basilisks (D:8)
  3 yaks
  A water moccasin (Lair:1)
  A black bear (D:8)
  4 orc warriors (Bailey)
  An ice beast (D:8)
  2 sky beasts
  2 phantoms
  6 ogres
  2 centaurs
  5 wolves
  4 lemures (D:6)
  A big kobold (D:8)
  4 bullfrogs
  Blork the orc (D:6)
  2 wyvern skeletons
  A scorpion (D:3)
  2 howler monkeys
  5 wights
  A bullfrog zombie (D:8)
  A jelly (D:8)
  5 hounds
  8 orc wizards
  Jessica (D:2)
  A bullfrog skeleton (D:8)
  Terence (D:2)
  2 iguanas
  5 worker ants
  14 gnolls
  A howler monkey skeleton (D:5)
  10 adders
  3 white imps
  An ufetubus (D:8)
  An ooze (D:1)
  An adder skeleton (D:6)
  A dart slug (D:2)
  4 leopard geckos
  22 orcs
  5 giant cockroaches
  9 goblins
  9 hobgoblins
  8 kobolds
  9 bats
  2 frilled lizards
  A jackal skeleton (D:4)
  2 leopard gecko skeletons (D:7)
  A quokka skeleton (D:6)
  9 rats
208 creatures vanquished.

Vanquished Creatures (others)
  A fungus (D:8)
  3 plants
4 creatures vanquished.

Grand Total: 212 creatures vanquished

Notes
Turn   | Place    | Note
-------+----------+-------------------------------------------
     0 | D:1      | Flubbersnuff the Minotaur Berserker began the quest for the
                  | Orb.
     0 | D:1      | Reached XP level 1. HP: 19/19 MP: 0/0
   128 | D:1      | Reached XP level 2. HP: 27/27 MP: 1/1
   185 | D:1      | Reached skill level 4 in Maces & Flails
   689 | D:2      | Reached XP level 3. HP: 21/33 MP: 2/2
   948 | D:2      | Found a radiant altar of Vehumet.
  1227 | D:2      | Reached ** piety under Trog
  1354 | D:2      | Noticed Jessica
  1361 | D:2      | Killed Jessica
  1361 | D:2      | Reached XP level 4. HP: 38/40 MP: 3/3
  1397 | D:2      | Noticed Terence
  1402 | D:2      | Killed Terence
  1483 | D:2      | Reached skill level 5 in Maces & Flails
  1551 | D:2      | Found a sparkling altar of Nemelex Xobeh.
  2071 | D:3      | Reached XP level 5. HP: 43/47 MP: 4/4
  2370 | D:3      | Found a burning altar of Makhleb.
  2371 | D:3      | Noticed a balrug
  2375 | D:3      | Found a glowing silver altar of Zin.
  2375 | D:3      | Noticed an angel
  3019 | D:4      | Reached XP level 6. HP: 55/55 MP: 5/5
  3129 | D:4      | Reached skill level 5 in Fighting
  3129 | D:4      | Reached skill level 6 in Maces & Flails
  3533 | D:4      | Reached *** piety under Trog
  3771 | D:5      | Entered Level 5 of the Dungeon
  4006 | D:5      | Found an opulent altar of Gozag.
  4106 | D:5      | Found a bloodstained altar of Trog.
  4151 | D:5      | Reached XP level 7. HP: 61/61 MP: 6/6
  4229 | D:5      | Found an iron altar of Okawaru.
  4489 | D:5      | Found a staircase to the Ecumenical Temple.
  4495 | Temple   | Entered the Ecumenical Temple
  4814 | D:6      | Reached skill level 7 in Maces & Flails
  4820 | D:6      | Reached skill level 5 in Armour
  4924 | D:6      | Reached XP level 8. HP: 52/70 MP: 7/7
  4968 | D:6      | Reached skill level 8 in Maces & Flails
  4972 | D:6      | Reached skill level 5 in Dodging
  5071 | D:6      | Found a hide-covered altar of Uskayaw.
  5105 | D:6      | Noticed Pikel
  5125 | D:6      | Killed Pikel
  5125 | D:6      | Reached skill level 9 in Maces & Flails
  5418 | D:6      | Noticed Blork the orc
  5435 | D:6      | Killed Blork the orc
  5449 | D:6      | Noticed Maggie
  5472 | D:6      | Killed Maggie
  5472 | D:6      | Reached XP level 9. HP: 70/79 MP: 8/8
  5831 | D:7      | Reached **** piety under Trog
  6001 | D:7      | Noticed Prince Ribbit
  6020 | D:7      | Reached skill level 10 in Maces & Flails
  6174 | D:7      | Killed Prince Ribbit
  6197 | D:7      | Found a shimmering altar of Xom.
  6838 | D:8      | Reached skill level 11 in Maces & Flails
  6885 | D:8      | Found a flagged portal.
  6899 | Bailey   | Entered a bailey
  6919 | Bailey   | Noticed an orc knight
  6937 | Bailey   | Killed an orc knight
  6937 | Bailey   | Reached XP level 10. HP: 63/90 MP: 9/9
  7067 | Bailey   | Found the +7 pair of quick blades "Gyre" and "Gimble"
                  | {protect}
  7067 | Bailey   | Found the +10 tower shield of Ignorance {rN+ Int-4}
  7289 | D:8      | Noticed an elephant
  7290 | D:8      | Found a staircase to the Lair.
  7310 | D:8      | Killed an elephant
  7310 | D:8      | Reached ***** piety under Trog
  7442 | D:8      | Reached skill level 12 in Maces & Flails
  7607 | D:8      | Noticed a two-headed ogre
  7617 | D:8      | Killed a two-headed ogre
  8205 | Lair:1   | Entered Level 1 of the Lair of Beasts
  8227 | Lair:1   | Noticed a cane toad
  8236 | Lair:1   | Killed a cane toad
  8620 | Lair:1   | Noticed a cane toad
  8621 | Lair:1   | Noticed a four-headed hydra
  8630 | Lair:1   | Killed a cane toad
  8636 | Lair:1   | Killed a four-headed hydra
  8636 | Lair:1   | Reached skill level 10 in Fighting
  8636 | Lair:1   | Reached skill level 13 in Maces & Flails
  8636 | Lair:1   | Reached XP level 11. HP: 56/99 MP: 10/10
  9027 | Lair:1   | Found a runed translucent door.
  9041 | Lair:1   | Noticed a wolf spider
  9046 | Lair:1   | Killed a wolf spider
  9061 | Lair:1   | Noticed a death yak
  9090 | Lair:1   | Killed a death yak
  9090 | Lair:1   | Reached skill level 10 in Armour
  9175 | Lair:1   | Noticed a death yak
  9193 | Lair:1   | Noticed a death yak
  9200 | Lair:1   | Noticed a death yak
  9200 | Lair:1   | Noticed a death yak
  9213 | D:8      | Killed a death yak
  9233 | Lair:1   | Killed a death yak
  9240 | Lair:1   | Slain by a death yak

Illustrated notes

Levels and vault maps discovered:
D:1:      heliophobic_arrival_ceremonial_halls, layout_loops_ring
D:2:      layout_loops_ring, old_standard_altar, lemuel_round_altar,
          uniq_jessica, uniq_terence
D:3:      layout_loops_ring, grunt_temple_overflow_order_and_chaos_2
D:4:      layout_layer_cave, nicolae_underground_beach
D:5:      layout_basic, marbit_many_paths, kennysheep_mini_moat,
          lemuel_doored_altar, minmay_temple_entry_gardened_gates
D:6:      minmay_recursive_quarters, layout_cave_pools,
          eat_drink_and_be_merry_uskayaw, bh_walls_and_bars, uniq_maggie,
          uniq_blork_the_orc, uniq_pikel
D:7:      layout_loops_ring, nicolae_overflow_crystal_walls,
          minmay_misc_feat_ornament, uniq_prince_ribbit1
D:8:      layout_rooms, david_lair_generic, enter_bailey_2
D:9:      layout_irregular_city, erik_orc_4, uniq_maurice, uniq_erolcha
Temple:   nicolae_temple_god_jail
Lair:1:   gammafunk_indiana_jones, layout_gridlike

Skill      XL: |  1  2  3  4  5  6  7  8  9 10 11 |
---------------+----------------------------------+-----
Maces & Flails | 4 5 6 7 9 11 13 | 13.9
Fighting       | 4 5 6 7 8 10 | 10.6
Armour         | 3 4 5 6 8 9 10 | 10.2
Dodging        | 3 4 6 7 8 9 |  9.4

Action                   |  1- 3 |  4- 6 |  7- 9 | 10-12 || total
-------------------------+-------+-------+-------+-------++-------
Melee: Mace              |    53 |    57 |   247 |   175 ||   532
       Headbutt          |     5 |    16 |    57 |    40 ||   118
       Whip              |       |    55 |       |       ||    55
Invok: Berserk           |       |     3 |     4 |     5 ||    12
       Trog's Hand       |       |       |     1 |       ||     1
  Use: Scroll            |       |    11 |     7 |     3 ||    21
Armor: Animal skin       |     1 |       |       |       ||     1
       Leather armour    |    17 |       |       |       ||    17
       Scale mail        |       |    70 |    90 |   137 ||   297
Dodge: Dodged            |    40 |   102 |   135 |   435 ||   712
       Repelled          |       |       |     2 |    12 ||    14

Table legend: (Time is in decaauts)
 A = Elapsed time spent in this place.
 B = Non-inter-level travel time spent in this place.
 C = Inter-level travel time spent in this place.
 D = Time resting spent in this place.
 E = Time spent auto-exploring this place.
 F = Levels seen in this place.
 G = Mean time per level.
                   A        B        C        D        E       F      G
               +--------+--------+--------+--------+--------+-----+--------+
         Total |   9305 |   8643 |    662 |   2409 |   4123 |  12 |  775.4 |
       Dungeon |   8018 |   7369 |    649 |   1961 |   3841 |   9 |  890.9 |
        Temple |     71 |     58 |     13 |      0 |     57 |   1 |   71.0 |
          Lair |    870 |    870 |      0 |    302 |    225 |   1 |  870.0 |
        Bailey |    344 |    344 |      0 |    146 |      0 |   1 |  344.0 |
               +--------+--------+--------+--------+--------+-----+--------+

Top non-repeatable levels by time:
     D:2: 1314 daAuts
     D:8: 1210 daAuts
     D:6: 1205 daAuts
     D:4: 1123 daAuts
     D:3: 894 daAuts
  Lair:1: 870 daAuts
     D:7: 828 daAuts
     D:5: 766 daAuts
     D:1: 674 daAuts
  Bailey: 344 daAuts
  Temple: 71 daAuts
     D:9: 1 daAuts
